 Dungeon Crawl Stone Soup version 0.18.1-8-gdd0e5ea (webtiles) character file.

148984 Scarto the End of an Era (level 16, -2/217 HPs)
             Began as a Demonspawn Fighter on June 6, 2016.
             Was the Champion of Qazlal.
             Slain by an anaconda (4 damage)
             ... on level 3 of the Snake Pit on June 7, 2016.
             The game lasted 01:10:42 (25460 turns).

Scarto the End of an Era (Demonspawn Fighter)      Turns: 25460, Time: 01:10:42

Health: -2/217     AC: 21    Str: 26    XL:     16   Next: 95%
Magic:  0/25       EV:  7    Int: 13    God:    Qazlal [******]
Gold:   3529       SH: 25    Dex: 21    Spells: 0 memorised, 15 levels left

rFire  . . .     SeeInvis +     a - +6 war axe (freeze)
rCold  + . .     Gourm    .     l - +3 plate armour
rNeg   . . .     Faith    .     e - +0 shield of the Desert {rF- Int+2 Slay+5}
rPois  +         Spirit   +     (helmet restricted)
rElec  +         Dismiss  .     (no cloak)
rCorr  .         Reflect  .     (no gloves)
SustAt .         Harm     .     (no boots)
MR     +....     Rnd*Rage +     v - amulet of guardian spirit
Stlth  ..........               T - ring "Dujupp" {*Confuse rPois rF+ Dex+3 SInv}
                                R - ring of protection from cold

@: berserking, protected from electricity, constricted, studying Maces & Flails,
repel missiles, very quick, somewhat resistant to hostile enchantments,
extremely unstealthy
A: antennae 1, claws 1, talons 1, large bone plates 2, camouflage 1, agile 1,
berserk 1, blurry vision 1, clever 1, low mp 1, poison resistance, powered by
death 3, powered by pain 2, robust 1, evolution 1, MP-powered wands
a: Upheaval, Elemental Force, Disaster Area, Renounce Religion


You were on level 3 of the Snake Pit.
You worshipped Qazlal.
Qazlal was exalted by your worship.
You were completely stuffed.

You visited 4 branches of the dungeon, and saw 28 of its levels.
You also visited: Labyrinth and Ice Cave.

You collected 3529 gold pieces.

Inventory:

Hand Weapons
 a - a +6 war axe of freezing (weapon)
 m - the cursed +13 Scythe of Curses {drain, *Curse}
   (You took it off a minotaur in a labyrinth)

   A truly terrible weapon, it drains the life of those it strikes.
   It may re-curse itself when equipped.
   It has a curse placed upon it.
 q - a +2 flail of protection
Missiles
 y - 35 tomahawks (quivered)
Armour
 e - the +0 shield of the Desert (worn) {rF- Int+2 Slay+5}
   (You acquired it on level 15 of the Dungeon)

   It affects your intelligence (+2).
   It affects your accuracy and damage with ranged weapons and melee attacks
   (+5).
   It makes you vulnerable to fire.
 l - a +3 plate armour (worn)
Jewellery
 f - an uncursed amulet of the gourmand
 u - an uncursed ring of protection from cold
 v - an amulet of guardian spirit (around neck)
 R - a ring of protection from cold (left claw)
 T - the ring "Dujupp" (right claw) {*Confuse rPois rF+ Dex+3 SInv}
   (You found it in an ice cave)

   [ring of protection from fire]

   It affects your dexterity (+3).
   It protects you from fire.
   It protects you from poison.
   It lets you see invisible.
   It may confuse you when you take damage.
 V - an uncursed amulet of regeneration
Wands
 E - a wand of polymorph (7/24)
 Y - a wand of heal wounds (3/9)
Scrolls
 b - 7 scrolls of remove curse
 h - 2 scrolls of fog
 i - 3 scrolls of blinking
 j - 2 scrolls of magic mapping
 s - a scroll of summoning
 w - 5 scrolls of recharging
 x - 3 scrolls of fear
 G - a scroll of vulnerability {unknown}
 H - 3 scrolls of silence
 K - a scroll of identify
 L - 6 scrolls of teleportation
 M - a scroll of immolation
Potions
 c - 2 potions of brilliance
 d - 4 potions of berserk rage
 g - 6 potions of agility
 k - 3 potions of lignification
 p - 5 potions of might
 t - 4 potions of flight
 z - 3 potions of resistance
 B - a potion of invisibility
 D - 5 potions of magic
 F - a potion of cure mutation
 J - a potion of cancellation
 O - 2 potions of haste
 P - 5 potions of curing
Books
 S - a manual of Maces & Flails
Miscellaneous
 W - a fan of gales
Comestibles
 n - 18 beef jerkies
 o - 29 fruits
 A - 11 bread rations
 C - 12 royal jellies
 I - 5 slices of pizza


   Skills:
 + Level 13.7 Fighting
 + Level 12.5(13.0) Axes
 + Level 5.6(10.0) Maces & Flails
 + Level 12.7 Armour
 + Level 3.4 Dodging
 - Level 6.8 Stealth
 + Level 12.7 Shields
 + Level 16.1 Invocations


You had 15 spell levels left.
You didn't know any spells.

Dungeon Overview and Level Annotations

Branches:
Dungeon (15/15)            Temple (0/1) D:5            Lair (8/8) D:10
  Swamp (0/4) Lair:6        Snake (3/4) Lair:5        Slime (0/6) Lair:6
    Orc (2/2) D:9             Elf (0/3) Orc:2        Vaults (0/5) D:13
 Depths (0/5) D:15

Altars:
Ashenzari
Cheibriados
Elyvilon
Fedhas
Kikubaaqudgha
Nemelex Xobeh
Okawaru
Pakellas
Qazlal
Ru
Sif Muna
Trog
Xom
Yredelemnul
Zin
The Shining One

Shops:
D:4 [   D:5 :   D:11 *   Orc:2 }*[*

Portals:
Pandemonium: Orc:2
Trove: D:11 (show abyssal rune of Zot)


Innate Abilities, Weirdness & Mutations

You have sharp toenails.
You are mostly covered in large bone plates (AC +3, SH +3).
You regenerate a lot of health from kills.
You sometimes gain power by taking damage.
You have a pair of small antennae on your head.
You have sharp fingernails.
Your skin changes colour to match your surroundings (Stealth).
You are agile. (Dex +2)
You tend to lose your temper in combat.
Scrolls take you a little longer to read.
Your mind is acute. (Int +2)
Your magical capacity is low (-10% MP).
Your system is resistant to poisons.
You are robust (+10% HP).
You evolve.
You expend magic power (3 MP) to strengthen your wands.


Message History

* * * LOW HITPOINT WARNING * * *
You block the shock serpent's attack.
The naga hits you from afar with a halberd!
* * * LOW HITPOINT WARNING * * *
Your resistance to electricity fades away.
You feel protected from physical attacks.
The shock serpent bites you.
* * * LOW HITPOINT WARNING * * *
The shock serpent shocks you!
Your resistance to physical damage fades away.
You feel protected from electricity.
* * * LOW HITPOINT WARNING * * *
The anaconda bites you but does no damage.
The anaconda constricts you.
Drink which item? (? for menu, Esc to quit)
A red film seems to cover your vision as you go berserk!
You feel yourself moving faster!
You feel mighty!
The shock serpent bites you but does no damage.
The anaconda bites you.
You die...

###+###
##..§..##
##...⌠.§.##
##..NS@....##
#..⌠§SSS§⌠..#
#....§..§.....#
#.......⌠.......
.....#...[.#....
..⌠..#..$..#..⌠.
.... #..⌠..# ...
... #.....# ..
... #.....#


You could see an anaconda, 3 shock serpents and a naga.

Vanquished Creatures
  A frost giant (IceCv)
  Nessos (Lair:7)
  The ghost of Typee the Cleaver, a journeyman DDAr of Pakellas (IceCv)
  An ettin (Orc:2)
  Snorg (Lair:7)
  A minotaur (Lab)
  A fire dragon (D:15)
  A catoblepas (Lair:5)
  8 naga warriors
  Erolcha (D:10)
  4 ogre magi
  9 hydras
  6 centaur warriors
  5 anacondas
  The ghost of nikopol the Spear-Bearer, a novice MiBe of Trog (D:8)
  2 death knights
  A death yak (IceCv)
  4 shock serpents
  6 naga sharpshooters
  Sonja (Lair:3)
  5 orc high priests (Orc:2)
  Nergalle (Lair:1)
  A salamander mystic (Snake:2)
  A fire crab (Lair:8)
  4 slime creatures (D:15)
  An unseen horror (D:10)
  An infernal demonspawn (Orc:2)
  A hill giant (D:14)
  A putrid demonspawn (Orc:2)
  3 naga ritualists
  5 orc knights (Orc:2)
  8 orc sorcerers
  6 griffons
  9 ugly things
  4 mana vipers
  A manticore (D:13)
  A manticore (shapeshifter) (D:14)
  2 wizards (D:15)
  3 cyclopes
  15 elephants
  5 salamanders
  21 black mambas
  2 centaur zombies
  8 naga magi
  A sixfirhy (Orc:2)
  A guardian serpent (Snake:1)
  5 torpor snails (Lair:8)
  An ice statue (IceCv)
  8 spiny frogs
  4 gargoyles
  A freezing wraith (D:15)
  A kobold demonologist (D:15)
  9 komodo dragons
  3 rime drakes
  An efreet (D:15)
  A queen bee (Lair:1)
  3 red devils (Orc:2)
  11 trolls
  A troll (shapeshifter) (D:13)
  24 polar bears
  Grinder (D:3)
  2 raiju (Lair:8)
  3 blink frogs (Lair:7)
  13 two-headed ogres
  A vampire (D:14)
  4 shadows
  63 yaks
  2 wraiths
  4 wyverns
  5 basilisks
  13 hippogriffs
  A chaos spawn (Orc:2)
  10 wargs
  8 hungry ghosts
  8 vampire mosquitoes
  2 neqoxecs (Orc:2)
  2 mottled dragons
  23 nagas
  A soldier ant (D:14)
  18 water moccasins
  8 hell hounds (Lair:8)
  9 porcupines
  4 ice beasts
  13 black bears (Lair:8)
  32 orc warriors
  5 sky beasts
  18 ogres
  4 wasps
  3 phantoms
  3 necrophages
  35 wolves
  4 boggarts (D:15)
  19 centaurs
  10 crocodiles
  8 big kobolds
  Blork the orc (D:8)
  An elf skeleton (D:8)
  A wyvern zombie (D:12)
  14 giant frogs
  5 scorpions
  30 killer bees
  9 wights
  2 howler monkeys (D:9)
  6 electric eels
  17 jellies
  10 crimson imps
  20 hounds
  3 giant frog zombies
  5 human zombies (D:8)
  7 centaur skeletons
  2 giant frog skeletons
  17 iguanas
  27 orc priests
  20 orc wizards
  Jessica (D:3)
  Ijyb (D:3)
  4 hell rats (Lair:6)
  Natasha (thrice) (D:3)
  7 worker ants
  9 sheep
  2 hound zombies
  A hound skeleton (D:10)
  2 mummies (D:8)
  Robin (D:3)
  A worker ant zombie (D:5)
  8 adders
  4 gnolls
  65 river rats
  2 shadow imps
  12 white imps (Lair:2)
  4 oozes
  An adder zombie (D:8)
  An adder skeleton (D:4)
  A worm (D:2)
  8 dart slugs
  3 giant geckos
  89 orcs
  6 giant cockroaches
  17 goblins
  12 hobgoblins
  7 jackals
  7 quokkas
  2 ball pythons
  5 bats
  2 giant gecko skeletons
  A giant gecko zombie (D:7)
  6 giant newts
  2 goblin zombies (D:8)
  3 hobgoblin zombies (D:8)
  46 kobolds
  2 kobold skeletons (D:8)
  3 kobold zombies (D:8)
  An orc skeleton (D:8)
  An orc zombie (D:8)
  A quokka skeleton (D:4)
  9 rats
  A fire vortex (Lair:3)
  57 fungi
  29 plants
1246 creatures vanquished.

Vanquished Creatures (collateral kills)
  2 hydras (Lair:8)
  A plant (Lair:8)
3 creatures vanquished.

Vanquished Creatures (others)
  A naga (Snake:2)
  2 fungi
  16 plants
19 creatures vanquished.

Grand Total: 1268 creatures vanquished

Notes
Turn   | Place    | Note
--------------------------------------------------------------
     0 | D:1      | Scarto the Demonspawn Fighter began the quest for the Orb.
     0 | D:1      | Reached XP level 1. HP: 18/18 MP: 1/1
   101 | D:1      | Gained mutation: You regenerate a little health from kills. [demonic ancestry]
   101 | D:1      | Reached XP level 2. HP: 16/24 MP: 2/2
   244 | D:1      | Reached XP level 3. HP: 28/29 MP: 3/3
   962 | D:2      | Found a stormy altar of Qazlal.
   971 | D:2      | Found a white marble altar of Elyvilon.
   988 | D:2      | Reached XP level 4. HP: 35/36 MP: 4/4
  1007 | D:2      | Became a worshipper of Qazlal Stormbringer
  1722 | D:3      | Noticed Grinder
  1722 | D:3      | Paralysed by Grinder for 6 turns
  1729 | D:3      | Gained mutation: Your mind is acute. (Int +2) [potion of mutation]
  1729 | D:3      | Gained mutation: Your skin changes colour to match your surroundings (Stealth). [potion of mutation]
  1742 | D:3      | Killed Grinder
  1742 | D:3      | Reached XP level 5. HP: 5/43 MP: 5/5
  1742 | D:3      | Gained mutation: You have sharp toenails. [demonic ancestry]
  1742 | D:3      | Reached XP level 6. HP: 6/49 MP: 6/6
  2125 | D:3      | Noticed Robin
  2132 | D:3      | Killed Robin
  2134 | D:3      | Reached * piety under Qazlal
  2225 | D:3      | Noticed Natasha
  2234 | D:3      | Killed Natasha
  2234 | D:3      | Reached skill level 1 in Invocations
  2287 | D:3      | Reached skill level 1 in Stealth
  2313 | D:3      | Noticed Natasha
  2326 | D:3      | Killed Natasha
  2370 | D:3      | Noticed Jessica
  2374 | D:3      | Killed Jessica
  2382 | D:3      | Gained mutation: You are partially covered in large bone plates (AC +2, SH +2). [demonic ancestry]
  2382 | D:3      | Reached XP level 7. HP: 31/55 MP: 8/8
  2587 | D:3      | Noticed Ijyb
  2599 | D:3      | Killed Ijyb
  2599 | D:3      | Reached skill level 2 in Invocations
  2671 | D:3      | Noticed Natasha
  2683 | D:3      | Killed Natasha
  2683 | D:3      | Reached skill level 5 in Fighting
  2737 | D:3      | Reached ** piety under Qazlal
  3057 | D:4      | Found a snail-covered altar of Cheibriados.
  3088 | D:4      | Found Lyuzijoll's Antique Armour Emporium.
  3861 | D:4      | Reached skill level 3 in Invocations
  4254 | D:4      | Found an oddly glowing altar of Pakellas.
  4255 | D:4      | Found a glowing silver altar of Zin.
  4576 | D:5      | Entered Level 5 of the Dungeon
  4582 | D:5      | Found Ossebus's Book Shoppe.
  4631 | D:5      | Found a blossoming altar of Fedhas.
  4675 | D:5      | Found a staircase to the Ecumenical Temple.
  4718 | D:5      | Reached XP level 8. HP: 63/63 MP: 10/10
  5087 | D:5      | Reached skill level 5 in Shields
  5087 | D:5      | Reached skill level 4 in Invocations
  5099 | D:5      | Reached skill level 5 in Armour
  5210 | D:5      | Found a bloodstained altar of Trog.
  5211 | D:5      | Found an iron altar of Okawaru.
  5499 | D:6      | Reached *** piety under Qazlal
  5501 | D:6      | Reached skill level 5 in Axes
  5884 | D:6      | Reached XP level 9. HP: 49/69 MP: 12/12
  6338 | D:7      | Reached skill level 5 in Invocations
  6488 | D:7      | You fall through a shaft for 2 floors!
  6561 | D:8      | Found a basalt altar of Yredelemnul.
  6584 | D:8      | Noticed a centaur warrior
  6591 | D:8      | Killed a centaur warrior
  6591 | D:8      | Reached skill level 6 in Invocations
  6802 | D:8      | Found a glowing golden altar of the Shining One.
  6804 | D:8      | Reached **** piety under Qazlal
  6918 | D:8      | Gained mutation: You regenerate health from kills. [demonic ancestry]
  6918 | D:8      | Reached XP level 10. HP: 64/79 MP: 11/14
  7005 | D:8      | Noticed nikopol's ghost (novice MiBe)
  7027 | D:8      | Killed nikopol's ghost
  7027 | D:8      | Reached skill level 5 in Stealth
  7452 | D:8      | Reached skill level 7 in Invocations
  7600 | D:8      | Noticed Blork the orc
  7607 | D:8      | Killed Blork the orc
  7612 | D:8      | Found a deep blue altar of Sif Muna.
  7812 | D:8      | Found an ancient bone altar of Kikubaaqudgha.
  8233 | D:9      | Found a staircase to the Orcish Mines.
  8240 | D:9      | Found a shimmering altar of Xom.
  8457 | D:9      | Gained mutation: You are agile. (Dex +2) [mutagenic meat]
  8458 | D:9      | Gained mutation: You evolve. [mutagenic meat]
  8459 | D:9      | Gained mutation: You are weak. (Str -2) [mutagenic meat]
  8460 | D:9      | Gained mutation: You expend magic power (3 MP) to strengthen your wands. [mutagenic meat]
  8617 | D:10     | Entered Level 10 of the Dungeon
  8655 | D:10     | Reached skill level 8 in Invocations
  8750 | D:10     | Noticed an unseen horror
  8767 | D:10     | Killed an unseen horror
  8767 | D:10     | Reached XP level 11. HP: 84/86 MP: 17/17
  8831 | D:10     | Noticed Erolcha
  8847 | D:10     | Killed Erolcha
  8858 | D:10     | Found a staircase to the Lair.
  9484 | D:10     | Gained mutation: Your spells are a little harder to cast, but a little more powerful. [evolution]
  9511 | D:11     | Found a portal to a secret trove of treasure.
  9537 | D:11     | Found Umuifits's Assorted Antiques.
  9580 | D:11     | Noticed a white ugly thing
  9598 | D:11     | Killed a white ugly thing
  9639 | D:11     | Reached skill level 9 in Invocations
 10142 | D:11     | Got a slimy ring mail
 10144 | D:11     | Identified the +5 ring mail "Tukhlo Yfibi" {+Fly Str+2} (You found it on level 11 of the Dungeon)
 10349 | D:12     | Noticed a seven-headed hydra
 10359 | D:12     | Killed a seven-headed hydra
 10388 | D:12     | Found a sparkling altar of Nemelex Xobeh.
 10483 | D:12     | Noticed a white ugly thing
 10500 | D:12     | Killed a white ugly thing
 10955 | D:13     | Noticed a cyan ugly thing
 10961 | D:13     | Killed a cyan ugly thing
 10961 | D:13     | Gained mutation: You sometimes gain a little power by taking damage. [demonic ancestry]
 10961 | D:13     | Reached XP level 12. HP: 95/95 MP: 14/19
 11057 | D:13     | Noticed an ogre mage
 11063 | D:13     | Found a gate to the Vaults.
 11069 | D:13     | Killed an ogre mage
 11069 | D:13     | Reached skill level 10 in Invocations
 11106 | D:13     | Reached ***** piety under Qazlal
 11344 | D:13     | Gained mutation: You have sharp fingernails. [potion of mutation]
 11344 | D:13     | Gained mutation: You are resistant to hostile enchantments. [potion of mutation]
 11344 | D:13     | Lost mutation: You are weak. (Str -2) [potion of mutation]
 11345 | D:13     | Gained mutation: Your magical capacity is low (-10% MP). [potion of mutation]
 11345 | D:13     | Lost mutation: You are resistant to hostile enchantments. [potion of mutation]
 11422 | D:13     | Noticed a centaur warrior
 11441 | D:13     | Killed a centaur warrior
 11912 | D:14     | Reached skill level 11 in Invocations
 11926 | D:14     | Noticed a centaur warrior
 11939 | D:14     | Killed a centaur warrior
 11939 | D:14     | Reached skill level 10 in Fighting
 11955 | D:14     | Noticed a death knight
 11968 | D:14     | Killed a death knight
 12137 | D:14     | Found a shattered altar of Ashenzari.
 12158 | D:14     | Gained mutation: Scrolls take you a little longer to read. [evolution]
 12202 | D:14     | Gained mutation: You are mostly covered in large bone plates (AC +3, SH +3). [demonic ancestry]
 12202 | D:14     | Reached XP level 13. HP: 99/103 MP: 16/19
 12544 | D:15     | Entered Level 15 of the Dungeon
 12633 | D:15     | Reached skill level 12 in Invocations
 12653 | D:15     | Reached skill level 10 in Shields
 12664 | D:15     | Reached skill level 10 in Armour
 12807 | D:15     | Reached skill level 10 in Axes
 12945 | D:15     | Found a bloodstained altar of Trog.
 12972 | D:15     | Noticed a fire dragon
 12980 | D:15     | Killed a fire dragon
 13144 | D:15     | Paralysed by an orc sorcerer for 2 turns
 13177 | D:15     | Identified a scroll of acquirement
 13177 | D:15     | Got a steaming shield
 13188 | D:15     | Identified the +0 shield of the Desert {rF- Int+2 Slay+5} (You acquired it on level 15 of the Dungeon)
 13230 | D:15     | Reached XP level 14. HP: 80/113 MP: 14/21
 13468 | D:15     | Found a staircase to the Depths.
 13748 | Lair:1   | Entered Level 1 of the Lair of Beasts
 14125 | Lair:1   | Noticed Nergalle
 14128 | Lair:1   | Killed Nergalle
 14336 | Lair:1   | Lost mutation: Your spells are a little harder to cast, but a little more powerful. [evolution]
 14625 | Lair:2   | Reached skill level 13 in Invocations
 14736 | Lair:2   | Found a frozen archway.
 15010 | IceCv    | Entered an ice cave
 15142 | IceCv    | Reached ****** piety under Qazlal
 15207 | IceCv    | Noticed Typee's ghost (journeyman DDAr)
 15248 | IceCv    | Killed Typee's ghost
 15466 | IceCv    | Noticed a frost giant
 15476 | IceCv    | Killed a frost giant
 15882 | IceCv    | Got a transparent wooden ring
 15906 | IceCv    | Identified the ring "Dujupp" {*Confuse rPois rF+ Dex+3 SInv} (You found it in an ice cave)
 16112 | Lair:3   | Noticed Sonja
 16248 | Lair:3   | Killed Sonja
 17451 | Lair:5   | Reached skill level 14 in Invocations
 17493 | Lair:5   | Gained mutation: You regenerate a lot of health from kills. [demonic ancestry]
 17493 | Lair:5   | Reached XP level 15. HP: 121/121 MP: 22/22
 17650 | Lair:5   | Found a staircase to the Snake Pit.
 18149 | Lair:6   | Found a staircase to the Slime Pits.
 18164 | Lair:6   | Found a staircase to the Swamp.
 18626 | Lair:6   | Gained mutation: You have a pair of small antennae on your head. [evolution]
 18770 | Lair:7   | Found a labyrinth entrance.
 18795 | Lair:7   | Noticed Nessos
 18812 | Lair:7   | Killed Nessos
 18826 | Lair:7   | Noticed Snorg
 18839 | Lair:7   | Killed Snorg
 18864 | Lab      | Entered a labyrinth
 19240 | Lab      | Identified the Guide on Glacial Augmentations
 20088 | Lair:8   | Entered Level 8 of the Lair of Beasts
 20279 | Lair:8   | Gained mutation: You are robust (+10% HP). [evolution]
 20352 | Lair:8   | Found a snail-covered altar of Cheibriados.
 20434 | Lair:8   | Found a sacrificial altar of Ru.
 20595 | Lair:8   | Reached skill level 15 in Invocations
 21344 | Orc:1    | Entered Level 1 of the Orcish Mines
 21778 | Orc:2    | Entered Level 2 of the Orcish Mines
 21925 | Orc:2    | Gained mutation: You sometimes gain power by taking damage. [demonic ancestry]
 21925 | Orc:2    | Reached XP level 16. HP: 143/143 MP: 21/24
 22268 | Orc:2    | Found Pinubub's General Store.
 22282 | Orc:2    | Reached skill level 1 in Maces & Flails
 22289 | Orc:2    | Found Riorot's General Store.
 22436 | Orc:2    | Gained mutation: You tend to lose your temper in combat. [a neqoxec]
 22461 | Orc:2    | Paralysed by an orc sorcerer for 2 turns
 22513 | Orc:2    | Found Baun's Gadget Boutique.
 22513 | Orc:2    | Found Bepakyum's Antique Armour Shop.
 22513 | Orc:2    | Found a one-way gate leading to the halls of Pandemonium.
 22665 | Orc:2    | Found a staircase to the Elven Halls.
 23151 | Snake:1  | Entered Level 1 of the Snake Pit
 23345 | Snake:1  | Reached skill level 1 in Dodging
 24261 | Snake:2  | Reached skill level 5 in Maces & Flails
 24276 | Snake:2  | Reached skill level 16 in Invocations
 25375 | Snake:2  | Gained mutation: Your system is resistant to poisons. [potion of mutation]
 25459 | Snake:3  | HP: 1/145 [shock serpent (9)]
 25460 | Snake:3  | Slain by an anaconda

Skill      XL: |  1  2  3  4  5  6  7  8  9 10 11 12 13 14 15 16 |
---------------+-------------------------------------------------+-----
Axes           | 2 3 4 5 6 8 9 10 11 12 | 12.5
Shields        | 3 4 5 6 7 8 9 10 11 12 | 12.7
Armour         | 3 4 5 6 7 8 9 10 11 12 | 12.7
Fighting       | 4 5 6 7 8 9 10 11 12 13 | 13.7
Invocations    | 1 3 4 6 8 9 11 12 14 15 16 | 16.1
Stealth        | 1 2 3 4 6 |  6.8
Maces & Flails | 5 |  5.6
Dodging        | 3 |  3.4

Action                   |  1- 3 |  4- 6 |  7- 9 | 10-12 | 13-15 | 16-18 || total
-------------------------+-------+-------+-------+-------+-------+-------++-------
Melee: War axe           |   125 |   169 |   421 |   822 |  1370 |   456 ||  3363
       Kick              |       |    31 |   104 |   318 |   617 |   210 ||  1280
Throw: Tomahawk          |       |       |       |     4 |     9 |     1 ||    14
Invok: Upheaval          |       |       |       |    10 |    29 |     6 ||    45
       Disaster Area     |       |       |       |       |     2 |       ||     2
       Elemental Force   |       |       |       |       |     2 |       ||     2
  Use: Potion            |       |     6 |       |     3 |     3 |     5 ||    17
       Scroll            |       |       |    17 |    12 |    14 |     4 ||    47
 Stab: Sleeping          |       |     1 |       |       |       |       ||     1
  Eat: Chunk             |       |     3 |     5 |     4 |       |       ||    12
       Bread ration      |       |     1 |     2 |     4 |     2 |       ||     9
       Pizza             |       |     1 |       |       |       |       ||     1
       Meat ration       |       |       |       |     2 |     4 |     4 ||    10
       Royal jelly       |       |       |       |     1 |       |       ||     1
       Beef jerky        |       |       |       |       |     6 |     4 ||    10
Armor: Scale mail        |    61 |    57 |    60 |       |       |       ||   178
       Plate armour      |       |       |   128 |   344 |   676 |   115 ||  1263
Dodge: Dodged            |    36 |    49 |    51 |    66 |   231 |    53 ||   486
       Deflected         |       |       |       |     1 |    13 |     8 ||    22
Block: Shield            |    82 |    83 |   377 |   475 |  1241 |   494 ||  2752
       Large shield      |       |       |       |   432 |   371 |       ||   803
